 Dungeon Crawl Stone Soup version 0.30-a0-3-gc9032a9cac (webtiles) character file.

Game seed: 8959618680878566548

446 BritishOli the Trooper (level 6, -5/50 HPs)
             Began as a Demonspawn Fighter on Aug 20, 2022.
             Slain by a mummy (9 damage)
             ... in an ossuary.
             The game lasted 00:02:38 (3181 turns).

BritishOli the Trooper (Demonspawn Fighter)         Turns: 3181, Time: 00:02:38

Health: -5/50      AC: 17    Str: 18    XL:     6   Next: 73%
Magic:  6/6        EV:  5    Int: 10    God:
Gold:   209        SH:  5    Dex: 12    Spells: 5/5 levels left

rFire   . . .      SeeInvis .    a - +0 long sword
rCold   . . .      Faith    .    c - +0 buckler
rNeg    . . .      Spirit   .    n - +0 plate armour
rPois   .          Reflect  .    (helmet restricted)
rElec   .          Harm     .    q - +2 cloak
rCorr   .          Rampage  .    (no gloves)
Will    .....                    f - +0 pair of boots
Stlth   ..........               (no amulet)
HPRegen 0.16/turn                (no ring)
MPRegen 0.10/turn                (no ring)

@: mighty
A: horns 1, rugged brown scales 1, spiny 1
a: no special abilities


You were in an ossuary.
You visited 1 branch of the dungeon, and saw 4 of its levels.
You also visited: Ossuary.

You collected 209 gold pieces.

Inventory:

Hand Weapons
 a - a +0 long sword (weapon)
Armour
 b - a +0 scale mail
 c - a +0 buckler (worn)
 f - a +0 pair of boots (worn)
 n - a +0 plate armour (worn)
 q - a +2 cloak (worn)
Jewellery
 p - a ring of poison resistance
Scrolls
 j - 3 scrolls of identify {unknown}
 l - 2 scrolls of noise {unknown}
 m - 2 scrolls of teleportation {unknown}
 r - a scroll of immolation {unknown}
Potions
 e - a potion of magic {unknown}
 g - a potion of cancellation {unknown}
 h - a potion of brilliance {unknown}
 i - a potion of heal wounds {unknown}
 k - 4 potions of curing {unknown}
 o - a potion of haste {unknown}


   Skills:
 + Level 4.6 Fighting
 + Level 3.5 Long Blades
 + Level 4.1 Armour
 + Level 4.2 Shields


You had 5 spell levels left.
You didn't know any spells.
Your spell library contained the following spells:

 Spells                   Type           Power      Damage    Failure   Level
 Freeze                   Ice            0%         1d3       100%        1
 Ensorcelled Hibernation  Hex/Ice        0%         N/A       100%        2
 Sublimation of Blood     Necr           0%         N/A       100%        2
 Wereblood                Tmut           0%         N/A       100%        2
 Frozen Ramparts          Ice            0%         1d1       100%        3
 Ozocubu's Armour         Ice            0%         N/A       100%        3
 Spider Form              Tmut/Pois      0%         N/A       100%        3
 Anguish                  Hex/Necr       0%         N/A       100%        4
 Hailstorm                Conj/Ice       0%         3d3       100%        4
 Fireball                 Conj/Fire      0%         3d3       100%        5
 Iskenderun's Battlesphe  Conj           0%         2d6       100%        5
 Conjure Ball Lightning   Conj/Air       0%         3x3d6     100%        6
 Orb of Destruction       Conj           0%         9d5       100%        7
 Ozocubu's Refrigeration  Ice            0%         4d7       100%        7
 Summon Hydra             Summ           0%         N/A       100%        7


Dungeon Overview and Level Annotations

Branches:
Dungeon (4/15)            Ossuary (1/1)
 Temple: D:4-7

Altars:

Shops:
D:3 [


Innate Abilities, Weirdness & Mutations

You have a pair of small horns on your head.
You are partially covered in rugged brown scales. (AC +1, +3% HP)
You are partially covered in sharp spines.


Message History

The human zombie hits you but does no damage.
You are too injured to fight recklessly!
You are too injured to fight recklessly!
You slash the human zombie! You headbutt the human zombie.
The human zombie is heavily damaged.
The human zombie barely misses you.
The human zombie is struck by your spines.
The human zombie hits you. You block the mummy's attack.
You hit the human zombie. You headbutt the human zombie.
The human zombie is severely damaged.
The human zombie hits you but does no damage.
The human zombie is struck by your spines.
The human zombie hits you but does no damage.
You hit the human zombie.
The human zombie is almost destroyed.
The mummy hits you but does no damage.
The human zombie is struck by your spines.
The human zombie hits you but does no damage.
The human zombie is struck by your spines.
The human zombie hits you.
You barely miss the human zombie.
The human zombie is almost destroyed.
The human zombie hits you.
* * * LOW HITPOINT WARNING * * *
The human zombie hits you.
* * * LOW HITPOINT WARNING * * *
The mummy is struck by your spines. The mummy hits you but does no damage.
You hit the human zombie. Your headbutt misses the human zombie.
The human zombie is almost destroyed.
The human zombie hits you but does no damage. x2
The mummy is struck by your spines. The mummy hits you!
* * * LOW HITPOINT WARNING * * *
Unknown command.
You feel very mighty all of a sudden.
The human zombie hits you but does no damage.
You block the human zombie's attack.
You barely miss the human zombie. Your headbutt misses the human zombie.
The human zombie is almost destroyed.
The mummy hits you!
You die...

### ###.###
##.....##
#.......#
#.......#
#.ZM....#
#@ZZ..#
###.### #'#
###.###
##.....##
#.......#
##...∩...##
+...∩∩∩...+
##...∩...##


You could see a mummy, a centaur zombie and 2 human zombies.

Vanquished Creatures
  4 elf skeletons (D:4)
  A centaur zombie (Ossuary)
  3 human skeletons (D:4)
  4 adders
  A dart slug (D:1)
  3 orcs (D:3)
  7 ball pythons
  8 endoplasms
  2 giant cockroaches (D:1)
  6 goblins
  9 hobgoblins (D:1)
  4 jackals (D:3)
  7 kobolds
  A quokka (D:2)
  4 bats
  3 frilled lizards
  2 orc skeletons (D:4)
  An orc zombie (D:4)
  5 rats
75 creatures vanquished.

Notes
Turn   | Place    | Note
-------+----------+-------------------------------------------
     0 | D:1      | BritishOli the Demonspawn Fighter began the quest for the
                  | Orb.
     0 | D:1      | Reached XP level 1. HP: 18/18 MP: 1/1
   176 | D:1      | Gained mutation: You have a pair of small horns on your
                  | head. [demonic ancestry]
   176 | D:1      | Reached XP level 2. HP: 18/24 MP: 2/2
   582 | D:1      | Found a faded altar of an unknown god.
   597 | D:1      | Gained mutation: You are partially covered in rugged brown
                  | scales. (AC +1, +3% HP) [demonic ancestry]
   597 | D:1      | Reached XP level 3. HP: 24/29 MP: 3/3
  1976 | D:3      | Found Kegi's Antique Armour Shoppe.
  2013 | D:3      | Reached XP level 4. HP: 35/36 MP: 4/4
  2861 | D:4      | Reached XP level 5. HP: 31/43 MP: 5/5
  3027 | D:4      | Gained mutation: You are partially covered in sharp spines.
                  | [demonic ancestry]
  3027 | D:4      | Reached XP level 6. HP: 44/49 MP: 6/6
  3138 | D:4      | Found a sand-covered staircase.
  3150 | Ossuary  | Entered an ossuary
  3181 | Ossuary  | Slain by a mummy

Illustrated notes

Levels and vault maps discovered:
D:1:      erik_arrival_orb_chamber, layout_rooms, basic_ecumenical_altar,
          st_stairs_1, minmay_pentomino_s4
D:2:      layout_loops_corners
D:3:      layout_basic, serial_shops, nicolae_lakefront_shop,
          corexii_corridor_pit
D:4:      layout_basic, general_overflow_altar, nicolae_ossuary_entry_catacombs
Ossuary:  ossuary_minmay_four_chambers

Skill      XL: |  1  2  3  4  5  6 |
---------------+-------------------+-----
Long Blades    | 2 3 |  3.5
Armour         | 3 4 |  4.1
Shields        | 3 4 |  4.2
Fighting       | 4 |  4.6

Action                   |  1- 3 |  4- 6 || total
-------------------------+-------+-------++-------
Melee: Long sword        |    97 |   156 ||   253
       Headbutt          |    16 |    32 ||    48
  Use: Potion            |       |     1 ||     1
Armor: Scale mail        |    32 |       ||    32
       Plate armour      |    13 |   119 ||   132
Dodge: Dodged            |    28 |    44 ||    72
Block: Buckler           |    17 |    34 ||    51

Table legend: (Time is in decaauts)
 A = Elapsed time spent in this place.
 B = Non-inter-level travel time spent in this place.
 C = Inter-level travel time spent in this place.
 D = Time resting spent in this place.
 E = Time spent auto-exploring this place.
 F = Levels seen in this place.
 G = Mean time per level.
                   A        B        C        D        E       F      G
               +--------+--------+--------+--------+--------+-----+--------+
         Total |   3260 |   3211 |     49 |      0 |   2618 |   5 |  652.0 |
       Dungeon |   3226 |   3177 |     49 |      0 |   2604 |   4 |  806.5 |
       Ossuary |     33 |     33 |      0 |      0 |     14 |   1 |   33.0 |
               +--------+--------+--------+--------+--------+-----+--------+

Top non-repeatable levels by time:
     D:3: 985 daAuts
     D:2: 953 daAuts
     D:1: 931 daAuts
     D:4: 357 daAuts
 Ossuary: 33 daAuts
